General information
- name: BNet
- type: Ladder team game (AT/RT)
- host: Battle.net
- saver: dogsandhorse.ru
map: RiverOfSouls
- players: 6
- length: 20:52
- speed: Fast
- version: 1.26 W3XP
- replay type:

» download(162 KB)
Players
team 1 (winner)
dogsandhorse.ru (
yellow | 118 APM | 2462 actions | 20:52)
5 Blademaster
2 Wind Walk
3 Critical Strike
» actions
| Assign group hotkey | 13 | |
| Basic commands | 10 | |
| Build / train | 69 | |
| Enter build submenu | 40 | |
| Enter hero's abilities submenu | 5 | |
| Give item / drop item | 6 | |
| Right click | 1636 | |
| Select / deselect | 301 | |
| Select group hotkey | 201 | |
| Use ability | 181 | |
2462 total
» units
» upgrades
| Ranged Weapons | 3 | |
| Liquid Fire | 1 | |
4 total
» buildings
| Altar of Storms | 1 | |
| Orc Burrow | 4 | |
| War Mill | 1 | |
| Watch Tower | 27 | |
| Voodoo Lounge | 2 | |
| Stronghold | 2 | |
| Beastiary | 3 | |
| Fortress | 1 | |
41 total
» build order
00:05 Altar of Storms
00:20 Orc Burrow
00:33 War Mill
01:45 Watch Tower
01:48 Watch Tower
02:33 Watch Tower
02:37 Watch Tower
02:51 Watch Tower
02:53 Watch Tower
03:04 Watch Tower
03:32 Watch Tower
04:05 Watch Tower
04:07 Watch Tower
04:10 Watch Tower
04:45 Voodoo Lounge
05:01 Stronghold
05:01 Stronghold
05:27 Watch Tower
05:29 Watch Tower
05:52 Voodoo Lounge
05:56 Orc Burrow
06:48 Watch Tower
06:51 Watch Tower
07:19 Watch Tower
07:26 Beastiary
07:26 Beastiary
08:23 Watch Tower
08:43 Orc Burrow
08:53 Orc Burrow
09:07 Fortress
10:57 Watch Tower
11:05 Watch Tower
12:22 Watch Tower
12:25 Watch Tower
12:34 Watch Tower
12:38 Watch Tower
13:15 Beastiary
13:32 Watch Tower
13:35 Watch Tower
13:44 Watch Tower
17:18 Watch Tower
» items
| Boots of Speed | 1 | |
| Staff of Teleportation | 1 | |
| Lesser Clarity Potion | 10 | |
| Healing Salve | 4 | |
| Orb of Lightning | 1 | |
17 total
iggy_the_fisk (
teal | 137 APM | 2855 actions | 20:51)
5 Archmage
3 Blizzard
2 Brilliance Aura
3 Mountain King
2 Storm Bolt
1 Bash
» actions
| Assign group hotkey | 646 | |
| Basic commands | 20 | |
| Build / train | 115 | |
| Enter build submenu | 94 | |
| Enter hero's abilities submenu | 9 | |
| Remove unit from queue | 8 | |
| Right click | 1184 | |
| Select / deselect | 326 | |
| Select group hotkey | 286 | |
| Use ability | 167 | |
2855 total
» units
» upgrades
| Masonry | 3 | |
| Magic Sentry | 1 | |
| Lumber Harvesting | 1 | |
5 total
» buildings
| Altar of Kings | 1 | |
| Farm | 3 | |
| Lumber Mill | 1 | |
| Scout Tower | 82 | |
| Arcane Tower | 3 | |
| Guard Tower | 52 | |
| Arcane Vault | 1 | |
| Keep | 1 | |
| Arcane Sanctum | 1 | |
| Castle | 1 | |
146 total
» build order
00:04 Altar of Kings
00:19 Farm
00:56 Lumber Mill
01:01 Farm
01:35 Scout Tower
01:41 Scout Tower
02:05 Arcane Tower
02:07 Scout Tower
02:17 Guard Tower
02:20 Scout Tower
02:38 Guard Tower
02:46 Guard Tower
02:46 Guard Tower
02:46 Guard Tower
03:20 Scout Tower
03:47 Guard Tower
03:54 Arcane Vault
03:57 Scout Tower
04:00 Scout Tower
04:10 Scout Tower
04:14 Keep
04:25 Farm
04:29 Guard Tower
04:34 Scout Tower
04:48 Scout Tower
04:49 Guard Tower
05:07 Scout Tower
05:08 Guard Tower
05:12 Scout Tower
05:19 Guard Tower
05:21 Scout Tower
05:42 Guard Tower
05:43 Scout Tower
05:57 Scout Tower
05:58 Scout Tower
06:05 Guard Tower
06:07 Scout Tower
06:18 Guard Tower
06:19 Scout Tower
06:38 Guard Tower
06:39 Scout Tower
06:49 Scout Tower
06:50 Guard Tower
06:55 Arcane Sanctum
06:58 Scout Tower
07:10 Guard Tower
07:13 Scout Tower
07:19 Scout Tower
07:21 Guard Tower
07:24 Guard Tower
08:46 Guard Tower
09:04 Guard Tower
09:05 Guard Tower
09:05 Guard Tower
09:06 Guard Tower
09:08 Guard Tower
09:12 Scout Tower
09:14 Scout Tower
09:32 Castle
09:38 Scout Tower
09:56 Guard Tower
09:59 Guard Tower
10:01 Scout Tower
10:02 Scout Tower
10:19 Scout Tower
10:29 Guard Tower
10:32 Scout Tower
10:37 Scout Tower
10:38 Guard Tower
10:53 Guard Tower
10:58 Scout Tower
10:59 Scout Tower
11:00 Guard Tower
11:10 Guard Tower
11:12 Scout Tower
11:22 Scout Tower
11:23 Scout Tower
11:32 Scout Tower
11:32 Scout Tower
11:36 Scout Tower
11:36 Scout Tower
12:15 Guard Tower
12:21 Scout Tower
12:38 Guard Tower
12:40 Scout Tower
12:41 Scout Tower
12:50 Guard Tower
12:54 Scout Tower
12:57 Scout Tower
13:09 Scout Tower
13:11 Guard Tower
13:17 Scout Tower
13:19 Scout Tower
13:26 Guard Tower
13:27 Guard Tower
13:28 Scout Tower
13:30 Scout Tower
13:35 Guard Tower
13:36 Scout Tower
13:37 Scout Tower
14:14 Guard Tower
14:30 Scout Tower
14:32 Scout Tower
15:11 Guard Tower
15:12 Scout Tower
15:24 Scout Tower
15:31 Arcane Tower
15:33 Scout Tower
15:34 Scout Tower
15:35 Scout Tower
15:40 Scout Tower
15:40 Guard Tower
15:46 Scout Tower
15:47 Scout Tower
15:53 Scout Tower
15:59 Scout Tower
16:03 Scout Tower
16:04 Scout Tower
16:15 Guard Tower
16:26 Guard Tower
16:28 Scout Tower
16:32 Guard Tower
16:34 Scout Tower
16:35 Scout Tower
16:48 Scout Tower
16:48 Scout Tower
16:53 Arcane Tower
16:59 Scout Tower
17:00 Scout Tower
17:03 Guard Tower
17:05 Scout Tower
17:10 Guard Tower
17:52 Guard Tower
19:47 Scout Tower
19:49 Scout Tower
19:49 Scout Tower
19:52 Scout Tower
20:02 Guard Tower
20:11 Scout Tower
20:12 Scout Tower
20:12 Scout Tower
20:39 Guard Tower
20:41 Scout Tower
» items
| Boots of Speed | 1 | |
| Staff of Teleportation | 1 | |
| Staff of Sanctuary | 1 | |
| Potion of Healing | 2 | |
| Orb of Lightning | 1 | |
| Healing Salve | 1 | |
| Scroll of Town Portal | 1 | |
8 total
timg4strok (
green | 94 APM | 1970 actions | 20:51)
5 Keeper of the Grove
3 Entangling Roots
2 Thorns Aura
» actions
| Assign group hotkey | 2 | |
| Basic commands | 5 | |
| Build / train | 49 | |
| ESC pressed | 2 | |
| Enter build submenu | 16 | |
| Enter hero's abilities submenu | 6 | |
| Right click | 1395 | |
| Select / deselect | 100 | |
| Select group hotkey | 310 | |
| Use ability | 85 | |
1970 total
» units
» upgrades
| Well Spring | 1 | |
| Ultravision | 1 | |
| Strength of the Wild | 1 | |
| Reinforced Hides | 1 | |
4 total
» buildings
| Altar of Elders | 1 | |
| Moon Well | 9 | |
| Tree of Life | 2 | |
| Tree of Ages | 1 | |
| Hunter's Hall | 1 | |
| Tree of Eternity | 1 | |
| Ancient of Wonders | 1 | |
| Ancient of Wind | 1 | |
| Ancient Protector | 1 | |
18 total
» build order
00:07 Altar of Elders
00:19 Moon Well
03:19 Moon Well
03:20 Moon Well
05:02 Tree of Life
05:11 Moon Well
05:12 Moon Well
05:48 Tree of Ages
06:52 Hunter's Hall
07:21 Tree of Life
08:22 Tree of Eternity
08:38 Ancient of Wonders
10:00 Moon Well
10:00 Moon Well
10:31 Moon Well
10:31 Moon Well
14:19 Ancient of Wind
14:24 Ancient Protector
» items
| Boots of Speed | 1 | |
| Staff of Teleportation | 1 | |
| Lesser Clarity Potion | 1 | |
| Orb of Venom | 1 | |
| Healing Salve | 3 | |
7 total
team 2 (loser)

»
infamousgiraffe (
purple | 76 APM | 1565 actions | 20:38)
2 Blademaster
1 Wind Walk
1 Critical Strike
3 Shadow Hunter
2 Hex
1 Healing Wave
1 Tauren Chieftain
1 Endurance Aura
» actions
| Assign group hotkey | 32 | |
| Basic commands | 128 | |
| Build / train | 57 | |
| ESC pressed | 4 | |
| Enter build submenu | 15 | |
| Enter hero's abilities submenu | 6 | |
| Right click | 549 | |
| Select / deselect | 341 | |
| Select group hotkey | 386 | |
| Use ability | 47 | |
1565 total
» units
| Peon | 11 | |
| Grunt | 7 | |
| Demolisher | 18 | |
| Kodo Beast | 1 | |
| Troll Batrider | 1 | |
38 total
» upgrades
| Ranged Weapons | 2 | |
| Burning Oil | 1 | |
| War Drums Damage Increase | 1 | |
4 total
» buildings
| Altar of Storms | 1 | |
| Orc Burrow | 7 | |
| Barracks | 2 | |
| Voodoo Lounge | 1 | |
| Stronghold | 2 | |
| War Mill | 1 | |
| Fortress | 3 | |
| Beastiary | 2 | |
19 total
» build order
00:17 Altar of Storms
00:22 Orc Burrow
00:34 Barracks
01:36 Orc Burrow
02:03 Voodoo Lounge
02:14 Orc Burrow
03:25 Stronghold
03:25 Stronghold
04:32 Barracks
05:29 Orc Burrow
06:05 War Mill
06:11 Orc Burrow
06:39 Orc Burrow
10:38 Fortress
11:07 Orc Burrow
11:59 Beastiary
12:04 Beastiary
» items
| Healing Salve | 1 | |
| Dust of Appearance | 1 | |
2 total
mcnastyzzz (
pink | 48 APM | 993 actions | 20:41)
3 Tauren Chieftain
2 Shockwave
1 Endurance Aura
» actions
| Assign group hotkey | 15 | |
| Basic commands | 59 | |
| Build / train | 49 | |
| Enter build submenu | 16 | |
| Enter hero's abilities submenu | 3 | |
| Remove unit from queue | 2 | |
| Right click | 468 | |
| Select / deselect | 252 | |
| Select group hotkey | 60 | |
| Use ability | 69 | |
993 total
» units
| Peon | 9 | |
| Grunt | 6 | |
| Wind Rider | 5 | |
| Raider | 14 | |
34 total
» upgrades
| Pillage | 1 | |
| Armor | 2 | |
| Ranged Weapons | 1 | |
| Ensnare | 1 | |
5 total
» buildings
| Altar of Storms | 1 | |
| Orc Burrow | 6 | |
| Barracks | 1 | |
| War Mill | 2 | |
| Watch Tower | 1 | |
| Stronghold | 1 | |
| Beastiary | 2 | |
| Fortress | 1 | |
| Spirit Lodge | 1 | |
16 total
» build order
00:10 Altar of Storms
00:20 Orc Burrow
00:23 Barracks
01:48 Orc Burrow
02:12 War Mill
02:24 War Mill
03:47 Watch Tower
03:53 Orc Burrow
04:31 Stronghold
06:53 Beastiary
07:01 Beastiary
07:54 Fortress
08:50 Orc Burrow
10:13 Orc Burrow
12:23 Orc Burrow
13:15 Spirit Lodge
» items

»
pinkanalbeads (
orange | 69 APM | 1433 actions | 20:50)
4 Demon Hunter
2 Mana Burn
2 Evasion
» actions
| Assign group hotkey | 16 | |
| Basic commands | 155 | |
| Build / train | 46 | |
| Enter build submenu | 23 | |
| Enter hero's abilities submenu | 4 | |
| Right click | 746 | |
| Select / deselect | 298 | |
| Select group hotkey | 102 | |
| Use ability | 43 | |
1433 total
» units
| Wisp | 15 | |
| Huntress | 3 | |
| Dryad | 2 | |
| Druid of the Talon | 2 | |
| Chimaera | 5 | |
| Faerie Dragon | 1 | |
28 total
» upgrades
| Abolish Magic | 1 | |
| Druid of the Talon Training | 2 | |
| Corrosive Breath | 1 | |
| Mark of the Talon | 1 | |
| Strength of the Wild | 1 | |
| Reinforced Hides | 1 | |
| Nature's Blessing | 1 | |
8 total
» buildings
| Altar of Elders | 1 | |
| Moon Well | 11 | |
| Ancient of War | 1 | |
| Ancient of Wonders | 2 | |
| Tree of Ages | 1 | |
| Hunter's Hall | 1 | |
| Tree of Eternity | 1 | |
| Ancient of Lore | 1 | |
| Ancient of Wind | 1 | |
| Chimaera Roost | 2 | |
| Ancient Protector | 1 | |
| Tree of Life | 1 | |
24 total
» build order
00:05 Altar of Elders
00:08 Moon Well
00:24 Ancient of War
02:03 Ancient of Wonders
02:11 Moon Well
03:20 Tree of Ages
03:40 Hunter's Hall
04:17 Moon Well
05:47 Tree of Eternity
05:51 Ancient of Lore
05:57 Ancient of Wind
08:04 Moon Well
08:24 Chimaera Roost
10:49 Ancient Protector
11:49 Chimaera Roost
12:59 Moon Well
13:20 Moon Well
14:25 Moon Well
16:52 Ancient of Wonders
16:56 Moon Well
17:01 Moon Well
18:09 Moon Well
18:16 Moon Well
19:12 Tree of Life
» items
| Lesser Clarity Potion | 1 | |
| Dust of Appearance | 1 | |
| Staff of Preservation | 1 | |
3 total
Chat log
(00:48 / All) iggy_the_fisk: blello
(00:53 / All) dogsandhorse.ru: hi all
(01:01 / All) mcnastyzzz: bello to you sir
(01:07 / All) infamousgiraffe: is that the nigger brand for jello?
(09:53 / All) dogsandhorse.ru: do you guys remember
(09:56 / All) dogsandhorse.ru: "dog ball friends"
(11:16 / All) dogsandhorse.ru: what inspired the choice of Dryads
(11:23 / All) dogsandhorse.ru: do you hate winning???
(12:46 / All) dogsandhorse.ru: rice fields
(12:48 / All) dogsandhorse.ru: spice fields
(12:52 / All) dogsandhorse.ru: think of something nice fields
(12:59 / All) dogsandhorse.ru: http://highper.ch (r) 2012
(15:15 / All) dogsandhorse.ru: great batplay
(17:44 / All) dogsandhorse.ru: orange
(17:45 / All) dogsandhorse.ru: you are base
(20:12 / All) infamousgiraffe: u guys are fags'
(20:16 / All) dogsandhorse.ru: owned again
(20:18 / All) dogsandhorse.ru: clan towa #1
(20:18 / All) infamousgiraffe: still ruining a good game
(20:21 / All) dogsandhorse.ru: http://highper.h/
(20:22 / All) dogsandhorse.ru: c
(20:25 / All) dogsandhorse.ru: HIGHPER.CH
(20:27 / All) infamousgiraffe: no, it's not owned, it's faggot shit
(20:29 / All) infamousgiraffe: gg
(20:30 / All) dogsandhorse.ru: lmao!
(20:31 / All) dogsandhorse.ru: leave
(20:33 / All) infamousgiraffe: keep being gay
(20:33 / All) dogsandhorse.ru: good game?
(20:36 / All) iggy_the_fisk: Bg noobs
(20:38 / All) dogsandhorse.ru: what do those Gs stand for